 Dungeon Crawl Stone Soup version 0.32-a0-779-g362cfcae2a (webtiles) character file.

Game seed: 2702717945625030065

429 ezpacito the Chopper (level 6, -5/48 HPs)
             Began as a Coglin Chaos Knight on Mar 20, 2024.
             Was a Plaything of Xom.
             Slain by an ogre
             ... wielding a +0 giant club
              (14 damage)
             ... on level 4 of the Dungeon.
             The game lasted 00:03:11 (3273 turns).

ezpacito the Chopper (Coglin Chaos Knight)          Turns: 3273, Time: 00:03:12

Health: -5/48      AC:  9    Str: 14    XL:     6   Next: 98%
Magic:  8/8        EV:  6    Int: 12    God:    Xom [..*...]
Gold:   184        SH:  0    Dex: 13    Spells: 1/7 levels left

rFire   . . .        a - +0 hand axe (chaos) {Isabel}
rCold   . . .        i - +0 spear {Zdislav}
rNeg    . . .        j - +0 chain mail
rPois   .            (no helmet)
rElec   .            (no cloak)
rCorr   .            (no gloves)
SInv    .            (no boots)
Will    .....        (amulet unavailable) Stlth
                     (ring unavailable)
HPRegen 0.28/turn    (ring unavailable)
MPRegen 0.11/turn    (no gizmo)

%: no passive effects
@: about to teleport, revving
A: off-hand wielding, slow wielding, warmup strikes, no jewellery
a: Invent Gizmo, Renounce Religion


You were on level 4 of the Dungeon.
You worshipped Xom.
You were a toy of Xom.
You visited 1 branch of the dungeon, and saw 4 of its levels.

You collected 184 gold pieces.

Inventory:

Hand Weapons
 a - a +0 hand axe of chaos (weapon) {Isabel}
 i - a +0 spear (offhand) {Zdislav}
Missiles
 g - 2 throwing nets (quivered)
 m - 6 boomerangs
 p - 4 poisoned darts
Armour
 j - a +0 chain mail (worn)
Talismans
 h - a beast talisman
Scrolls
 b - a scroll of fog {unknown}
 c - a scroll of amnesia {unknown}
 d - a scroll of poison {unknown}
 f - 2 scrolls of identify {unknown}
 l - a scroll of immolation {unknown}
 n - 2 scrolls of revelation {unknown}
 o - a scroll of blinking {unknown}
 t - a scroll of teleportation
Potions
 k - a potion of attraction


   Skills:
 * Level 4.1 Fighting
 * Level 4.2(4.4) Axes
 + Level 1.7(3.0) Polearms
 * Level 3.0 Armour
 * Level 2.5 Dodging
 + Level 1.4 Stealth
 + Level 1.4 Spellcasting
 + Level 0.4 Necromancy
 + Level 0.5 Alchemy


You had one spell level left.
You knew the following spells:

 Your Spells              Type           Power      Damage    Failure   Level
a - Fugue of the Fallen   Necr           1%         N/A       100%        3
x - Mephitic Cloud        Conj/Alch/Air  1%         N/A       100%        3

Your spell library contained the following spells:

 Spells                   Type           Power      Damage    Failure   Level
 Shock                    Conj/Air       0%         1d3       99%         1
 Dazzling Flash           Conj/Hex       0%         N/A       100%        3
 Ozocubu's Armour         Ice            0%         N/A       100%        3
 Swiftness                Air            0%         N/A       100%        3
 Airstrike                Air            0%         2d(0-16)  100%        4
 Manifold Assault         Tloc           0%         N/A       100%        4
 Curse of Agony           Necr           1%         N/A       100%        5
 Silence                  Hex/Air        0%         N/A       100%        5


Dungeon Overview and Level Annotations

Branches:
Dungeon (4/15)
 Temple: D:4-7

Altars:
Kikubaaqudgha
Trog
Xom


Innate Abilities, Weirdness & Mutations

You can wield a second weapon in your off-hand.
It takes a long time for you to wield or remove held weapons.
Your first few attacks do less damage.
You cannot equip rings or amulets.


Message History

You are too injured to fight recklessly!
You are too injured to fight recklessly!
You are too injured to fight recklessly!
You are too injured to fight recklessly!
Okay, then.
Okay, then.
Okay, then.
Okay, then.
Unknown command.
You hit the ogre with your +0 hand axe of chaos.
The ogre is poisoned.
The ogre is lightly wounded.
You hit the ogre but do no damage. The ogre hits you with a +0 giant club!
You take 8 damage, and have 25/48 hp.
You feel better.
You regained 10 hp, and now have 35/48 hp.
You feel better. The ogre hits you with a +0 giant club!
You hit the ogre but do no damage.
The ogre is lightly wounded.
You hit the ogre with your +0 hand axe of chaos.
You burn the ogre.
You closely miss something with your +0 hand axe of chaos.
Something hits you.
The ogre hits you with a +0 giant club!!
Ouch! That really hurt!
* * * LOW HITPOINT WARNING * * *
You take 26 damage, and have 9/48 hp.
MASSIVE DAMAGE!!
Okay, then.
Something hits you but does no damage.
As you read the scroll labelled DAIMESYSYOTH, it crumbles to dust.
You feel strangely unstable.
It was a scroll of teleportation.
t - a scroll of teleportation You hear some strange, mumbled words.
A puff of flame appears from out of thin air!
The puff of flame hits you.
* * * LOW HITPOINT WARNING * * *
You take 1 damage, and have 9/48 hp.
The ogre attacks as it pursues you! The ogre hits you with a +0 giant club!
You die...
Xom chortles!

.## #..# ##.# .. #..##
#..# ..#...# ##.##
.#...# #..# ..!.## ##..#
#....# #..## #.{g.# .#
#..# ..####.O..#...#
#..# # .......@.......
#.####
#######.###########.##..
#..............#...
.....o..
#..................
........
####...............
........
####.........#####.##.
........ #......#######
##.## ........
.....###..# #.##
........ .### ##.## ##.#


You could see an ogre (poisoned) and a hobgoblin.

Vanquished Creatures
  Sigmund (D:3)
  2 black bears (D:4)
  An iguana (D:4)
  An adder (D:3)
  A ribbon worm (D:3)
  2 dart slugs
  2 orcs
  2 ball pythons
  An endoplasm (D:1)
  10 goblins
  8 hobgoblins
  5 jackals
  5 quokkas
  A frilled lizard (D:3)
  4 kobolds
  3 rats
49 creatures vanquished.

Vanquished Creatures (collateral kills)
  A quokka (D:3)
1 creature vanquished.

Grand Total: 50 creatures vanquished

Notes
Turn   | Place    | Note
-------+----------+-------------------------------------------
     0 | D:1      | ezpacito the Coglin Chaos Knight began the quest for the
                  | Orb.
     0 | D:1      | Reached XP level 1. HP: 18/18 MP: 1/1
   100 | D:1      | XOM: divination: detect creatures
   139 | D:1      | XOM: divination: magic mapping
   446 | D:1      | Reached skill level 1 in Dodging
   686 | D:1      | Reached XP level 2. HP: 24/24 MP: 2/2
  1456 | D:2      | XOM: 1-stop teleportation journey
  1557 | D:2      | XOM: scenery: create altars
  1793 | D:2      | Found a faded altar of an unknown god.
  1871 | D:3      | Reached XP level 3. HP: 29/29 MP: 3/3
  1872 | D:3      | Noticed Sigmund
  1882 | D:3      | XOM: confuse monster(s)
  1884 | D:3      | Killed Sigmund
  1885 | D:3      | Reached skill level 1 in Polearms
  1885 | D:3      | Reached skill level 1 in Stealth
  1885 | D:3      | Reached skill level 1 in Spellcasting
  1885 | D:3      | Reached XP level 4. HP: 37/37 MP: 3/5
  1885 | D:3      | Reached XP level 5. HP: 42/42 MP: 3/6
  1894 | D:3      | XOM: 2-stop teleportation journey
  2150 | D:3      | Found a shimmering altar of Xom.
  2257 | D:3      | XOM: 2-stop teleportation journey
  2291 | D:3      | XOM: god gift: 36 gold pieces
  2354 | D:3      | XOM: 2-stop teleportation journey
  2596 | D:3      | XOM: noise
  2628 | D:3      | Reached XP level 6. HP: 48/48 MP: 7/7
  3109 | D:4      | Learned a level 3 spell: Fugue of the Fallen
  3113 | D:4      | Learned a level 3 spell: Mephitic Cloud
  3175 | D:4      | Found an ancient bone altar of Kikubaaqudgha.
  3175 | D:4      | Noticed a black bear
  3175 | D:4      | XOM: 8-stop teleportation journey
  3176 | D:4      | Found a bloodstained altar of Trog.
  3176 | D:4      | Noticed a black bear
  3182 | D:4      | XOM: confuse monster(s)
  3184 | D:4      | Killed a black bear
  3187 | D:4      | Killed a black bear
  3273 | D:4      | Slain by an ogre

Illustrated notes

Levels and vault maps discovered:
D:1:      mainiacjoe_arrival_oval_in_oval, layout_loops_corners,
          kennysheep_decorative_pillar, amcnicky_mini_corridor_feature
D:2:      layout_loops_corners, shapermc_ecumenical_altar_petra
D:3:      cheibrodos_greedy_goblins, layout_basic, lemuel_doored_altar,
          uniq_sigmund
D:4:      minmay_recursive_quarters, layout_cave_pods, kiku_gazebo_pond_becter,
          trog_ov_bears_minmay, okawaru_ov_weapons_minmay, uniq_duvessa,
          uniq_ijyb

Skill      XL: |  1  2  3  4  5  6 |
---------------+-------------------+-----
Dodging        | 1 2 |  2.5
Armour         | 2 3 |  3.0
Polearms       | 1 |  1.7
Stealth        | 1 |  1.4
Spellcasting   | 1 |  1.4
Axes           | 4 |  4.2
Fighting       | 4 |  4.1
Necromancy     | |  0.4
Alchemy        | |  0.5

Action                     |  1- 3 |  4- 6 || total
---------------------------+-------+-------++-------
  Melee: Hand axe          |    40 |    93 ||   133
         Dagger            |    38 |    15 ||    53
         Spear             |       |    89 ||    89
    Use: Potion            |     3 |     2 ||     5
         Scroll            |       |     2 ||     2
 Armour: Leather armour    |     6 |       ||     6
         Chain mail        |    25 |    70 ||    95
  Dodge: Dodged            |    10 |    24 ||    34

Table legend: (Time is in decaauts)
 A = Elapsed time spent in this place.
 B = Non-inter-level travel time spent in this place.
 C = Inter-level travel time spent in this place.
 D = Time resting spent in this place.
 E = Time spent auto-exploring this place.
 F = Levels seen in this place.
 G = Mean time per level.
                   A        B        C        D        E       F      G
               +--------+--------+--------+--------+--------+-----+--------+
         Total |   3280 |   3059 |    221 |    184 |   2492 |   4 |  820.0 |
       Dungeon |   3280 |   3059 |    221 |    184 |   2492 |   4 |  820.0 |
               +--------+--------+--------+--------+--------+-----+--------+

Top non-repeatable levels by time:
     D:3: 1141 daAuts
     D:1: 921 daAuts
     D:2: 919 daAuts
     D:4: 298 daAuts
